Thunder vs Gangsters
Created - 4 décembre 2015 at 19:27
Goals
|
| Thunder |
1 |
2 |
0 |
0 |
1 |
4 |
| Gangsters |
2 |
0 |
1 |
0 |
0 |
3 |
|
Shots
|
| Thunder |
11 |
14 |
6 |
1 |
3 |
32 |
| Gangsters |
16 |
14 |
10 |
1 |
3 |
41 |
|
1st period
1. Thunder , Dany Roussin 10 (Pierre-Alexandre Parenteau, Colby Cohen) at 1:52
2. Gangsters , Igor Radulov 13 (Bryan Young, Matt Delahey) at 5:44 (PP)
3. Gangsters , Michael Sdao 3 (Ryan Jones, Ryan Johansen) at 15:11
Penalties :
Pierre-Alexandre Parenteau (TRO) for Tripping (Minor) at 3:52, Brett Festerling (TRO) for High sticking (Double Minor) at 6:06
2nd period
4. Thunder , Scott Parse 8 (Tom Pyatt) at 1:19
5. Thunder , Matt Generous 6 (Adam Hall, Tom Pyatt) at 14:50 (PP)
Penalties :
Ryan Johansen (Bro) for Roughing (Minor) at 14:38
3rd period
6. Gangsters , Ryan Jones 12 (Igor Radulov, Ryan Johansen) at 15:46 (PP)
Penalties :
Brett Festerling (TRO) for Boarding (Minor) at 8:58, Brandon Mashinter (TRO) for Holding (Minor) at 15:41, Pierre-Alexandre Parenteau (TRO) for Hooking (Minor) at 16:21
Overtime #1
No Goal
Penalties :
No Penalty
Shootout
Penalty Shot by Scott Parse for Thunder - Stopped by Brad Thiessen
Penalty Shot by Igor Radulov for Gangsters - Stopped by Barry Brust
Penalty Shot by Adam Hall for Thunder - Stopped by Brad Thiessen
Penalty Shot by Alexandre Bolduc for Gangsters - Stopped by Barry Brust
Penalty Shot by Pierre-Alexandre Parenteau for Thunder - Goal!
Penalty Shot by Ryan Jones for Gangsters - Stopped by Barry Brust
Penalties :
No Penalty
Goalie Stats
Barry Brust (TRO), 38 saves from 41 shots - (0,927), W, 3-2-2, 65:00 minutes
Brad Thiessen (Bro), 29 saves from 32 shots - (0,906), OTL, 4-2-1, 65:00 minutes
Players Stats for Thunder
Player Name G A P +/- PIM S H SB GA TA FO MP PP MP PK MP
------------------------------------------------------------------------------------
Adam Hall 0 1 1 0 0 4 1 2 0 2 1/1 25:08 0:12 4:53
Bobby Farnham 0 0 0 0 0 0 0 0 0 0 0/0 0:00 0:00 0:00
Brandon Mashinter 0 0 0 1 2 0 2 0 0 1 4/10 16:25 0:00 0:00
Brett Festerling 0 0 0 -1 6 0 3 1 0 0 0/0 19:15 0:00 1:10
Casey Pierro-Zabotel 0 0 0 0 0 0 0 0 0 0 0/0 2:21 0:00 0:00
Colby Cohen 0 1 1 1 0 0 0 0 0 0 0/0 3:31 0:00 1:41
Dalton Smith 0 0 0 0 0 0 0 0 0 0 0/0 2:37 0:00 0:59
Dany Roussin 1 0 1 1 0 6 0 1 0 0 0/1 21:27 0:00 4:02
David Clarkson 0 0 0 0 0 2 0 0 0 0 0/0 4:25 0:00 0:00
David Fischer 0 0 0 1 0 1 1 1 0 1 0/0 27:34 0:12 5:40
Derek Forbort 0 0 0 0 0 0 0 0 0 0 0/0 0:00 0:00 0:00
Dmitri Orlov 0 0 0 0 0 0 0 0 0 0 0/0 14:44 0:00 1:23
Jannik Hansen 0 0 0 0 0 0 0 0 0 0 0/0 0:38 0:00 0:00
Jesse Blacker 0 0 0 0 0 0 1 0 0 1 0/0 5:32 0:00 0:22
Joey Ryan 0 0 0 -1 0 0 1 2 0 0 0/0 20:42 0:00 3:52
Jon Kalinski 0 0 0 0 0 0 0 0 0 0 0/0 0:00 0:00 0:00
Kelly Zajac 0 0 0 0 0 1 0 0 0 0 3/5 12:48 0:00 0:00
Mat Clark 0 0 0 1 0 0 1 0 0 0 0/0 11:09 0:00 0:00
Matt Generous 1 0 1 1 0 4 1 2 0 0 0/0 27:34 0:12 5:40
Matt Martin 0 0 0 0 0 1 3 0 0 0 0/2 15:12 0:00 0:00
Pierre-Alexandre Parente 0 1 1 1 4 4 2 1 3 1 0/1 18:27 0:00 1:21
Robin Leblanc 0 0 0 0 0 1 1 0 0 0 1/2 15:01 0:00 2:45
Scott Parse 1 0 1 0 0 7 1 0 0 1 11/19 27:03 0:12 4:53
Taylor Doherty 0 0 0 0 0 0 0 0 0 0 0/0 0:00 0:00 0:00
Tom Pyatt 0 2 2 0 0 1 1 1 0 0 8/29 18:28 0:12 0:55
Players Stats for Gangsters
Player Name G A P +/- PIM S H SB GA TA FO MP PP MP PK MP
------------------------------------------------------------------------------------
Alexandre Bolduc 0 0 0 -2 0 2 1 0 1 0 11/14 19:33 3:39 0:12
Artem Anisimov 0 0 0 0 0 0 2 1 0 0 6/9 12:44 0:00 0:00
Bryan Young 0 1 1 -2 0 4 6 0 0 1 0/0 33:35 6:16 0:12
Colten Teubert 0 0 0 0 0 0 3 0 0 0 0/0 11:32 0:53 0:00
Curtis McKenzie 0 0 0 0 0 0 2 0 0 0 0/1 8:11 0:42 0:00
Dave Dziurzynski 0 0 0 -2 0 5 2 0 0 0 1/1 16:47 3:39 0:00
Devante Smith-Pelly 0 0 0 0 0 1 1 0 0 0 0/0 6:34 0:00 0:00
Igor Radulov 1 1 2 1 0 5 3 1 1 0 4/10 25:49 5:33 0:12
Luke Gazdic 0 0 0 0 0 1 4 0 0 0 0/0 12:44 0:00 0:00
Matt Delahey 0 1 1 -2 0 2 3 3 0 0 0/0 29:45 6:16 0:12
Maxime Sauvé 0 0 0 0 0 6 0 0 0 0 3/6 8:15 0:42 0:00
Michael Sdao 1 0 1 1 0 3 1 2 0 1 0/0 26:08 2:45 0:00
Mikko Lehtonen 0 0 0 -2 0 2 1 0 4 0 0/0 16:47 3:39 0:00
Patrik Nemeth 0 0 0 1 0 2 2 2 0 0 0/0 25:16 2:45 0:00
Richard Panik 0 0 0 0 0 3 2 0 0 1 0/0 14:25 0:42 0:00
Ryan Johansen 0 2 2 1 2 1 3 0 1 0 17/29 24:04 5:33 0:00
Ryan Jones 1 1 2 1 0 4 1 0 0 0 0/0 23:54 5:33 0:00
Shaun Heska 0 0 0 0 0 0 1 0 0 0 0/0 3:44 0:53 0:00
3 Stars
1 - Igor Radulov (Bro)
2 - Ryan Jones (Bro)
3 - Matt Generous (TRO)
Power Play
Thunder - 1 on 1 Attempt(s) - 100,00%
Gangsters - 2 on 6 Attempt(s) - 33,33%
Penalty Kill
Thunder - 4 on 6 Attempt(s) - 66,67%
- Score 0 goal in Penalty Kill
Gangsters - 0 on 1 Attempt(s) - 0,00%
- Score 0 goal in Penalty Kill
Team Stat
Thunder - Hits : 19 - Faceoff Wins : 28 - Blocked Shots : 11 - Penalty Minutes : 12
Gangsters - Hits : 38 - Faceoff Wins : 42 - Blocked Shots : 9 - Penalty Minutes : 2
Official
Referees : Dwyer Gord and Walsh Ian
Linesman : Scott Driscoll and Ryan Galloway
Game Notes
Colby Cohen is injured at 11:52 of 1st period (Bruised Left Arm)
David Clarkson is injured at 2:28 of 2nd period (Back Spasms)
Casey Pierro-Zabotel is injured at 14:16 of 2nd period (Sore Left Knee)
Finance
Level 1 -- Attendance: 1391 (69,55%) -- Ticket Income 48 685 $
Level 2 -- Attendance: 686 (68,60%) -- Ticket Income 10 290 $
Total Attendance: 2077 (69,23%)
Total Ticket Income: 58 975 $
Other Income: 2 949 $
Total Income: 61 924 $
Thunder
5 vs 5 Forward
Center Left Wing Right Wing Time % Phy DF OF
1 Tom Pyatt Scott Parse Adam Hall 40 1 2 2
2 Brandon Mashinter Dany Roussin Pierre-Alexandre Parentea30 1 2 2
3 Kelly Zajac Matt Martin David Clarkson 20 1 2 2
4 Scott Parse Casey Pierro-Zabotel Robin Leblanc 10 1 2 2
5 vs 5 Defense
Defense Defense Time % Phy DF OF
1 Matt Generous David Fischer 40 1 2 2
2 Joey Ryan Brett Festerling 30 1 2 2
3 Mat Clark Colby Cohen 20 1 2 2
4 Dmitri Orlov Jesse Blacker 10 1 2 2
PowerPlay Forward
Center Left Wing Right Wing Time % Phy DF OF
1 Tom Pyatt Scott Parse Adam Hall 60 1 2 2
2 Brandon Mashinter Dany Roussin Pierre-Alexandre Parentea40 1 2 2
PowerPlay Defense
Defense Defense Time % Phy DF OF
1 Matt Generous David Fischer 60 1 2 2
2 Joey Ryan Brett Festerling 40 1 2 2
Penalty Kill 4 Players Forward
Center Wing Time % Phy DF OF
1 Scott Parse Adam Hall 60 1 2 2
2 Pierre-Alexandre ParenteaDany Roussin 40 1 2 2
Penalty Kill 4 Players Defense
Defense Defense Time % Phy DF OF
1 Matt Generous David Fischer 60 1 2 2
2 Joey Ryan Brett Festerling 40 1 2 2
Penalty Kill - 3 Players Forward
Forward Time % Phy DF OF
1 Scott Parse 60 1 2 2
2 Adam Hall 40 1 2 2
Penalty Kill - 3 Players Defense
Defense Defense Time % Phy DF OF
1 Matt Generous David Fischer 60 1 2 2
2 Joey Ryan Brett Festerling 40 1 2 2
4 vs 4 Forward
Center Wing Time % Phy DF OF
1 Scott Parse Adam Hall 60 1 2 2
2 Pierre-Alexandre ParenteaDany Roussin 40 1 2 2
4 vs 4 Defense
Defense Defense Time % Phy DF OF
1 Matt Generous David Fischer 60 1 2 2
2 Joey Ryan Brett Festerling 40 1 2 2
Last Minutes Offensive
Center Left Wing Right Wing Defense Defense
Tom Pyatt Scott Parse Adam Hall Matt Generous David Fischer
Last Minutes Defensive
Center Left Wing Right Wing Defense Defense
Tom Pyatt Scott Parse Adam Hall Matt Generous David Fischer
Goaltenders
Starting : Barry Brust
Backup : Corey Crawford
Extra Forwards
Normal : Matt Martin, David Clarkson, Robin Leblanc - PP : Matt Martin, David Clarkson - PK : Robin Leblanc
Extra Defensemen
Normal : Mat Clark, Colby Cohen, Dmitri Orlov - PP : Mat Clark - PK : Colby Cohen, Dmitri Orlov
Penalty Shots
Scott Parse, Adam Hall, Pierre-Alexandre Parenteau, Dany Roussin, Matt Martin
Gangsters
5 vs 5 Forward
Center Left Wing Right Wing Time % Phy DF OF
1 Ryan Johansen Igor Radulov Ryan Jones 40 1 2 2
2 Alexandre Bolduc Dave Dziurzynski Mikko Lehtonen 30 1 2 2
3 Artem Anisimov Luke Gazdic Richard Panik 20 1 2 2
4 Maxime Sauvé Curtis McKenzie Devante Smith-Pelly 10 1 2 2
5 vs 5 Defense
Defense Defense Time % Phy DF OF
1 Bryan Young Matt Delahey 40 1 2 2
2 Michael Sdao Patrik Nemeth 30 1 2 2
3 Bryan Young Colten Teubert 20 1 2 2
4 Bryan Young Matt Delahey 10 1 2 2
PowerPlay Forward
Center Left Wing Right Wing Time % Phy DF OF
1 Ryan Johansen Igor Radulov Ryan Jones 60 1 2 2
2 Alexandre Bolduc Dave Dziurzynski Mikko Lehtonen 40 1 2 2
PowerPlay Defense
Defense Defense Time % Phy DF OF
1 Bryan Young Matt Delahey 60 1 2 2
2 Michael Sdao Patrik Nemeth 40 1 2 2
Penalty Kill 4 Players Forward
Center Wing Time % Phy DF OF
1 Igor Radulov Alexandre Bolduc 60 1 2 2
2 Ryan Jones Ryan Johansen 40 1 2 2
Penalty Kill 4 Players Defense
Defense Defense Time % Phy DF OF
1 Bryan Young Matt Delahey 60 1 2 2
2 Michael Sdao Patrik Nemeth 40 1 2 2
Penalty Kill - 3 Players Forward
Forward Time % Phy DF OF
1 Igor Radulov 60 1 2 2
2 Alexandre Bolduc 40 1 2 2
Penalty Kill - 3 Players Defense
Defense Defense Time % Phy DF OF
1 Bryan Young Matt Delahey 60 1 2 2
2 Michael Sdao Patrik Nemeth 40 1 2 2
4 vs 4 Forward
Center Wing Time % Phy DF OF
1 Igor Radulov Alexandre Bolduc 60 1 2 2
2 Ryan Jones Ryan Johansen 40 1 2 2
4 vs 4 Defense
Defense Defense Time % Phy DF OF
1 Bryan Young Matt Delahey 60 1 2 2
2 Michael Sdao Patrik Nemeth 40 1 2 2
Last Minutes Offensive
Center Left Wing Right Wing Defense Defense
Alexandre Bolduc Igor Radulov Ryan Jones Bryan Young Matt Delahey
Last Minutes Defensive
Center Left Wing Right Wing Defense Defense
Alexandre Bolduc Igor Radulov Ryan Jones Bryan Young Matt Delahey
Goaltenders
Starting : Brad Thiessen
Backup : Dustin Tokarski
Extra Forwards
Normal : Maxime Sauvé, Igor Radulov, Richard Panik - PP : Maxime Sauvé, Alexandre Bolduc - PK : Richard Panik
Extra Defensemen
Normal : Bryan Young, Matt Delahey, Michael Sdao - PP : Bryan Young - PK : Bryan Young, Michael Sdao
Penalty Shots
Igor Radulov, Alexandre Bolduc, Ryan Jones, Ryan Johansen, Mikko Lehtonen
% Time on Ice - Thunder
Lines # - Real PCT - Wanted PCT - Time Play
Normal Forward
1 - 32% - 40% - 15:51
2 - 34% - 30% - 17:08
3 - 26% - 20% - 12:48
4 - 8% - 10% - 4:07
Normal Defense
1 - 38% - 40% - 19:00
2 - 30% - 30% - 15:08
3 - 21% - 20% - 10:36
4 - 10% - 10% - 5:10
PP Forward
1 - 100% - 60% - 0:12
2 - 0% - 40% - 0:00
PP Defense
1 - 100% - 60% - 0:12
2 - 0% - 40% - 0:00
PK Forward
1 - 70% - 60% - 6:54
2 - 30% - 40% - 3:00
PK Defense
1 - 57% - 60% - 5:40
2 - 43% - 40% - 4:14
PK3 Forward
1 - 0% - 60%
2 - 0% - 40%
PK3 Defense
1 - 0% - 60%
2 - 0% - 40%
44 Forward
1 - 86% - 60% - 4:19
2 - 14% - 40% - 0:41
44 Defense
1 - 55% - 60% - 2:45
2 - 45% - 40% - 2:15
Last Minute Offensive - 0:00
Last Minute Defensive - 0:00
Total
Forward - 65:00
Defense - 65:00
|
% Time on Ice - Gangsters
Lines # - Real PCT - Wanted PCT - Time Play
Normal Forward
1 - 35% - 40% - 17:28
2 - 26% - 30% - 13:08
3 - 26% - 20% - 12:44
4 - 13% - 10% - 6:34
Normal Defense
1 - 35% - 40% - 17:20
2 - 41% - 30% - 20:24
3 - 21% - 20% - 10:18
4 - 4% - 10% - 1:52
PP Forward
1 - 56% - 60% - 5:33
2 - 44% - 40% - 4:21
PP Defense
1 - 72% - 60% - 7:09
2 - 28% - 40% - 2:45
PK Forward
1 - 100% - 60% - 0:12
2 - 0% - 40% - 0:00
PK Defense
1 - 100% - 60% - 0:12
2 - 0% - 40% - 0:00
PK3 Forward
1 - 0% - 60%
2 - 0% - 40%
PK3 Defense
1 - 0% - 60%
2 - 0% - 40%
44 Forward
1 - 82% - 60% - 4:07
2 - 18% - 40% - 0:53
44 Defense
1 - 60% - 60% - 2:59
2 - 40% - 40% - 2:01
Last Minute Offensive - 0:00
Last Minute Defensive - 0:00
Total
Forward - 65:00
Defense - 65:00
|
Play by Play
1st period
0:01 of 1st period - Tom Pyatt wins face-off versus Ryan Johansen in neutral zone.
0:13 of 1st period - Slapshot by Adam Hall.
0:13 of 1st period - Deflect By Tom Pyatt.
0:13 of 1st period - Shot Misses the Net.
0:13 of 1st period - Puck is out of play.
0:14 of 1st period - Alexandre Bolduc wins face-off versus Brandon Mashinter in Gangsters zone.
0:39 of 1st period - Brett Festerling is hit by Artem Anisimov and loses puck.
0:46 of 1st period - Slapshot by Bryan Young.
0:46 of 1st period - Stopped by Barry Brust with a rebound.
1:18 of 1st period - Icing by Scott Parse.
1:19 of 1st period - Adam Hall wins face-off versus Maxime Sauvé in Thunder zone.
1:23 of 1st period - Off-side.
1:24 of 1st period - Maxime Sauvé wins face-off versus Robin Leblanc in neutral zone.
1:38 of 1st period - Wrist shot by Robin Leblanc.
1:38 of 1st period - Stopped by Brad Thiessen without a rebound.
1:39 of 1st period - Brandon Mashinter wins face-off versus Alexandre Bolduc in Gangsters zone.
1:44 of 1st period - Wrist shot by Dany Roussin.
1:44 of 1st period - Shot Misses the Net.
1:52 of 1st period - Snap shot by Dany Roussin.
1:52 of 1st period - Goal by Dany Roussin - Thunder : 1 - Gangsters : 0.
1:53 of 1st period - Tom Pyatt wins face-off versus Ryan Johansen in neutral zone.
1:58 of 1st period - Wrist shot by Scott Parse.
1:58 of 1st period - Shot Blocked by Matt Delahey.
2:06 of 1st period - Wrist shot by Igor Radulov.
2:06 of 1st period - Shot Misses the Net.
2:08 of 1st period - Slapshot by Ryan Jones.
2:08 of 1st period - Shot Misses the Net.
2:18 of 1st period - Snap shot by Alexandre Bolduc.
2:18 of 1st period - Shot Misses the Net.
2:48 of 1st period - Slapshot by Pierre-Alexandre Parenteau.
2:48 of 1st period - Shot Misses the Net.
2:50 of 1st period - Wrist shot by Pierre-Alexandre Parenteau.
2:50 of 1st period - Stopped by Brad Thiessen without a rebound.
2:51 of 1st period - Kelly Zajac wins face-off versus Ryan Johansen in Gangsters zone.
2:58 of 1st period - Slapshot by David Clarkson.
2:58 of 1st period - Stopped by Brad Thiessen with a rebound.
3:18 of 1st period - Dave Dziurzynski is hit by Pierre-Alexandre Parenteau and loses puck.
3:27 of 1st period - Slapshot by Pierre-Alexandre Parenteau.
3:27 of 1st period - Deflect By Dany Roussin.
3:27 of 1st period - Shot Misses the Net.
3:27 of 1st period - Puck is out of play.
3:28 of 1st period - Ryan Johansen wins face-off versus Scott Parse in Gangsters zone.
3:35 of 1st period - Wrist shot by Scott Parse.
3:35 of 1st period - Stopped by Brad Thiessen with a rebound.
3:52 of 1st period - Minor Penalty to Pierre-Alexandre Parenteau for Tripping.
3:53 of 1st period - Ryan Johansen wins face-off versus Scott Parse in Thunder zone.
4:05 of 1st period - Slapshot by Adam Hall.
4:05 of 1st period - Shot Blocked by Matt Delahey.
4:47 of 1st period - Icing by Ryan Johansen.
4:48 of 1st period - Igor Radulov wins face-off versus Scott Parse in Gangsters zone.
4:53 of 1st period - Adam Hall is hit by Ryan Johansen and loses puck.
5:20 of 1st period - Backhand shot by Igor Radulov.
5:20 of 1st period - Shot Misses the Net.
5:30 of 1st period - Snap shot by Igor Radulov.
5:30 of 1st period - Shot Misses the Net.
5:32 of 1st period - Wrist shot by Igor Radulov.
5:32 of 1st period - Shot Misses the Net.
5:34 of 1st period - Slapshot by Bryan Young.
5:34 of 1st period - Shot Misses the Net.
5:36 of 1st period - Snap shot by Ryan Jones.
5:36 of 1st period - Stopped by Barry Brust with a rebound.
5:38 of 1st period - Slapshot by Matt Delahey.
5:38 of 1st period - Shot Blocked by David Fischer.
5:40 of 1st period - Wrist shot by Bryan Young.
5:40 of 1st period - Shot Blocked by Matt Generous.
5:42 of 1st period - Snap shot by Igor Radulov.
5:42 of 1st period - Shot Misses the Net.
5:44 of 1st period - Slapshot by Bryan Young.
5:44 of 1st period - Deflect By Igor Radulov.
5:44 of 1st period - Goal by Igor Radulov - Thunder : 1 - Gangsters : 1.
5:45 of 1st period - Tom Pyatt wins face-off versus Alexandre Bolduc in neutral zone.
5:50 of 1st period - Wrist shot by Adam Hall.
5:50 of 1st period - Deflect By Scott Parse.
5:50 of 1st period - Shot Misses the Net.
5:50 of 1st period - Puck is out of play.
5:51 of 1st period - Alexandre Bolduc wins face-off versus Tom Pyatt in Gangsters zone.
6:06 of 1st period - Double Minor Penalty to Brett Festerling for High sticking.
6:07 of 1st period - Scott Parse wins face-off versus Ryan Johansen in Thunder zone.
6:21 of 1st period - Wrist shot by Igor Radulov.
6:21 of 1st period - Shot Misses the Net.
6:23 of 1st period - Slapshot by Ryan Johansen.
6:23 of 1st period - Stopped by Barry Brust with a rebound.
7:41 of 1st period - Igor Radulov is hit by Joey Ryan and loses puck.
8:07 of 1st period - Robin Leblanc is hit by Matt Delahey and loses puck.
8:12 of 1st period - Snap shot by Maxime Sauvé.
8:12 of 1st period - Stopped by Barry Brust without a rebound.
8:13 of 1st period - Robin Leblanc wins face-off versus Curtis McKenzie in Thunder zone.
8:13 of 1st period - Robin Leblanc is hit by Curtis McKenzie.
8:20 of 1st period - Icing by Bryan Young.
8:21 of 1st period - Scott Parse wins face-off versus Maxime Sauvé in Gangsters zone.
8:22 of 1st period - Snap shot by Adam Hall.
8:22 of 1st period - Shot Blocked by Matt Delahey.
8:30 of 1st period - Scott Parse is hit by Matt Delahey and loses puck.
8:39 of 1st period - Snap shot by Maxime Sauvé.
8:39 of 1st period - Shot Blocked by Adam Hall.
8:41 of 1st period - Slapshot by Matt Delahey.
8:41 of 1st period - Shot Misses the Net.
8:43 of 1st period - Slapshot by Bryan Young.
8:43 of 1st period - Shot Blocked by Joey Ryan.
8:45 of 1st period - Slapshot by Bryan Young.
8:45 of 1st period - Stopped by Barry Brust without a rebound.
8:46 of 1st period - Ryan Johansen wins face-off versus Dany Roussin in Thunder zone.
8:59 of 1st period - Wrist shot by Ryan Jones.
8:59 of 1st period - Shot Misses the Net.
10:06 of 1st period - Penalty to Brett Festerling is over, Brett Festerling is back on ice.
10:22 of 1st period - Dmitri Orlov is hit by Luke Gazdic and loses puck.
10:33 of 1st period - Scott Parse is hit by Curtis McKenzie.
11:24 of 1st period - Matt Martin is hit by Mikko Lehtonen and loses puck.
11:51 of 1st period - Colby Cohen is hit by Bryan Young and loses puck.
11:52 of 1st period - Colby Cohen from Thunder is injured at 11:52 of 1st period (Bruised Left Arm).
11:53 of 1st period - Ryan Johansen wins face-off versus Tom Pyatt in Thunder zone.
11:56 of 1st period - Snap shot by Igor Radulov.
11:56 of 1st period - Stopped by Barry Brust with a rebound.
12:20 of 1st period - Dany Roussin is hit by Dave Dziurzynski and loses puck.
12:25 of 1st period - Wrist shot by Dave Dziurzynski.
12:25 of 1st period - Stopped by Barry Brust with a rebound.
12:38 of 1st period - Off-side.
12:39 of 1st period - Artem Anisimov wins face-off versus Matt Martin in neutral zone.
12:44 of 1st period - Wrist shot by Bryan Young.
12:44 of 1st period - Stopped by Barry Brust without a rebound.
12:45 of 1st period - Artem Anisimov wins face-off versus Tom Pyatt in Thunder zone.
12:54 of 1st period - Slapshot by Bryan Young.
12:54 of 1st period - Shot Misses the Net.
12:56 of 1st period - Slapshot by Matt Delahey.
12:56 of 1st period - Stopped by Barry Brust without a rebound.
12:57 of 1st period - Ryan Johansen wins face-off versus Scott Parse in Thunder zone.
12:58 of 1st period - Wrist shot by Igor Radulov.
12:58 of 1st period - Stopped by Barry Brust with a rebound.
13:09 of 1st period - Icing by David Fischer.
13:10 of 1st period - Ryan Johansen wins face-off versus Tom Pyatt in Thunder zone.
13:23 of 1st period - Backhand shot by Scott Parse.
13:23 of 1st period - Deflect By Adam Hall.
13:23 of 1st period - Shot Misses the Net.
13:23 of 1st period - Puck is out of play.
13:24 of 1st period - Ryan Johansen wins face-off versus Pierre-Alexandre Parenteau in Gangsters zone.
13:49 of 1st period - Dave Dziurzynski is hit by Adam Hall and loses puck.
13:58 of 1st period - Slapshot by Adam Hall.
13:58 of 1st period - Stopped by Brad Thiessen without a rebound.
13:59 of 1st period - Igor Radulov wins face-off versus Tom Pyatt in Gangsters zone.
14:33 of 1st period - Snap shot by Matt Martin.
14:33 of 1st period - Stopped by Brad Thiessen with a rebound.
14:55 of 1st period - Wrist shot by Dany Roussin.
14:55 of 1st period - Stopped by Brad Thiessen with a rebound.
15:09 of 1st period - Snap shot by Ryan Jones.
15:09 of 1st period - Stopped by Barry Brust with a rebound.
15:11 of 1st period - Slapshot by Michael Sdao.
15:11 of 1st period - Goal by Michael Sdao - Thunder : 1 - Gangsters : 2.
15:12 of 1st period - Alexandre Bolduc wins face-off versus Tom Pyatt in neutral zone.
15:48 of 1st period - Slapshot by Pierre-Alexandre Parenteau.
15:48 of 1st period - Stopped by Brad Thiessen without a rebound.
15:49 of 1st period - Alexandre Bolduc wins face-off versus Tom Pyatt in Gangsters zone.
16:00 of 1st period - Wrist shot by Adam Hall.
16:00 of 1st period - Shot Misses the Net.
16:14 of 1st period - Alexandre Bolduc is hit by Brett Festerling and loses puck.
17:23 of 1st period - Wrist shot by David Clarkson.
17:23 of 1st period - Stopped by Brad Thiessen without a rebound.
17:24 of 1st period - Ryan Johansen wins face-off versus Kelly Zajac in Gangsters zone.
18:11 of 1st period - Snap shot by David Clarkson.
18:11 of 1st period - Shot Blocked by Artem Anisimov.
18:13 of 1st period - Slapshot by Matt Generous.
18:13 of 1st period - Stopped by Brad Thiessen without a rebound.
18:14 of 1st period - Ryan Johansen wins face-off versus Tom Pyatt in Gangsters zone.
18:39 of 1st period - Pierre-Alexandre Parenteau is hit by Bryan Young and loses puck.
18:46 of 1st period - Snap shot by Alexandre Bolduc.
18:46 of 1st period - Stopped by Barry Brust with a rebound.
18:48 of 1st period - Snap shot by Alexandre Bolduc.
18:48 of 1st period - Shot Misses the Net.
18:50 of 1st period - Snap shot by Dave Dziurzynski.
18:50 of 1st period - Stopped by Barry Brust with a rebound.
19:08 of 1st period - Snap shot by Devante Smith-Pelly.
19:08 of 1st period - Deflect By Maxime Sauvé.
19:08 of 1st period - Deflect By Matt Generous.
19:08 of 1st period - Stopped by Barry Brust with a rebound.
Goals for this period are 1 for Thunder vs 2 for Gangsters.
Shots for this period are 11 for Thunder vs 16 for Gangsters.
2nd period
0:01 of 2nd period - Ryan Johansen wins face-off versus Tom Pyatt in neutral zone.
0:39 of 2nd period - Slapshot by Mikko Lehtonen.
0:39 of 2nd period - Shot Misses the Net.
0:53 of 2nd period - Joey Ryan is hit by Luke Gazdic and loses puck.
1:00 of 2nd period - Wrist shot by Richard Panik.
1:00 of 2nd period - Stopped by Barry Brust with a rebound.
1:02 of 2nd period - Snap shot by Artem Anisimov.
1:02 of 2nd period - Shot Misses the Net.
1:04 of 2nd period - Slapshot by Patrik Nemeth.
1:04 of 2nd period - Stopped by Barry Brust without a rebound.
1:05 of 2nd period - Tom Pyatt wins face-off versus Ryan Johansen in Thunder zone.
1:05 of 2nd period - Tom Pyatt is hit by Igor Radulov.
1:11 of 2nd period - Slapshot by Adam Hall.
1:11 of 2nd period - Stopped by Brad Thiessen with a rebound.
1:17 of 2nd period - Wrist shot by Adam Hall.
1:17 of 2nd period - Deflect By Scott Parse.
1:17 of 2nd period - Stopped by Brad Thiessen without a rebound.
1:18 of 2nd period - Tom Pyatt wins face-off versus Alexandre Bolduc in Gangsters zone.
1:19 of 2nd period - Wrist shot by Scott Parse.
1:19 of 2nd period - Goal by Scott Parse - Thunder : 2 - Gangsters : 2.
1:20 of 2nd period - Alexandre Bolduc wins face-off versus Tom Pyatt in neutral zone.
2:08 of 2nd period - Matt Martin is hit by Patrik Nemeth and loses puck.
2:27 of 2nd period - David Clarkson is hit by Dave Dziurzynski and loses puck.
2:28 of 2nd period - David Clarkson from Thunder is injured at 2:28 of 2nd period (Back Spasms).
2:29 of 2nd period - Ryan Johansen wins face-off versus Tom Pyatt in Thunder zone.
2:54 of 2nd period - Bryan Young is hit by Brett Festerling and loses puck.
3:01 of 2nd period - Wrist shot by Pierre-Alexandre Parenteau.
3:01 of 2nd period - Shot Misses the Net.
3:03 of 2nd period - Backhand shot by Pierre-Alexandre Parenteau.
3:03 of 2nd period - Shot Misses the Net.
3:05 of 2nd period - Wrist shot by Pierre-Alexandre Parenteau.
3:05 of 2nd period - Shot Misses the Net.
4:00 of 2nd period - Wrist shot by Pierre-Alexandre Parenteau.
4:00 of 2nd period - Deflect By Michael Sdao.
4:00 of 2nd period - Shot Misses the Net.
4:00 of 2nd period - Puck is out of play.
4:01 of 2nd period - Brandon Mashinter wins face-off versus Ryan Johansen in Gangsters zone.
4:04 of 2nd period - Backhand shot by Pierre-Alexandre Parenteau.
4:04 of 2nd period - Stopped by Brad Thiessen without a rebound.
4:05 of 2nd period - Ryan Johansen wins face-off versus Tom Pyatt in Gangsters zone.
4:10 of 2nd period - Wrist shot by Ryan Jones.
4:10 of 2nd period - Shot Blocked by Adam Hall.
4:16 of 2nd period - Snap shot by Igor Radulov.
4:16 of 2nd period - Shot Misses the Net.
4:29 of 2nd period - Off-side.
4:30 of 2nd period - Alexandre Bolduc wins face-off versus Brandon Mashinter in neutral zone.
4:56 of 2nd period - Ryan Jones is hit by Jesse Blacker and loses puck.
5:35 of 2nd period - Off-side.
5:36 of 2nd period - Maxime Sauvé wins face-off versus Brandon Mashinter in neutral zone.
5:43 of 2nd period - Snap shot by Devante Smith-Pelly.
5:43 of 2nd period - Stopped by Barry Brust with a rebound.
6:03 of 2nd period - Matt Generous is hit by Ryan Johansen and loses puck.
6:42 of 2nd period - Slapshot by Pierre-Alexandre Parenteau.
6:42 of 2nd period - Stopped by Brad Thiessen without a rebound.
6:43 of 2nd period - Brandon Mashinter wins face-off versus Artem Anisimov in Gangsters zone.
6:50 of 2nd period - Snap shot by Dany Roussin.
6:50 of 2nd period - Stopped by Brad Thiessen with a rebound.
6:52 of 2nd period - Wrist shot by Brandon Mashinter.
6:52 of 2nd period - Shot Blocked by Patrik Nemeth.
6:54 of 2nd period - Snap shot by Pierre-Alexandre Parenteau.
6:54 of 2nd period - Shot Blocked by Michael Sdao.
6:56 of 2nd period - Slapshot by David Fischer.
6:56 of 2nd period - Stopped by Brad Thiessen with a rebound.
6:58 of 2nd period - Snap shot by Pierre-Alexandre Parenteau.
6:58 of 2nd period - Shot Misses the Net.
7:27 of 2nd period - Ryan Jones is hit by Matt Martin and loses puck.
7:34 of 2nd period - Brett Festerling is hit by Bryan Young and loses puck.
8:35 of 2nd period - Off-side.
8:36 of 2nd period - Kelly Zajac wins face-off versus Artem Anisimov in neutral zone.
8:58 of 2nd period - Icing by Richard Panik.
8:59 of 2nd period - Dave Dziurzynski wins face-off versus Tom Pyatt in Gangsters zone.
8:59 of 2nd period - Dave Dziurzynski is hit by Mat Clark.
9:09 of 2nd period - Snap shot by Dave Dziurzynski.
9:09 of 2nd period - Stopped by Barry Brust with a rebound.
9:31 of 2nd period - Snap shot by Richard Panik.
9:31 of 2nd period - Stopped by Barry Brust without a rebound.
9:32 of 2nd period - Artem Anisimov wins face-off versus Brandon Mashinter in Thunder zone.
9:37 of 2nd period - Snap shot by Richard Panik.
9:37 of 2nd period - Shot Misses the Net.
9:39 of 2nd period - Snap shot by Richard Panik.
9:39 of 2nd period - Shot Misses the Net.
9:41 of 2nd period - Slapshot by Michael Sdao.
9:41 of 2nd period - Stopped by Barry Brust without a rebound.
9:42 of 2nd period - Alexandre Bolduc wins face-off versus Brandon Mashinter in Thunder zone.
9:43 of 2nd period - Snap shot by Mikko Lehtonen.
9:43 of 2nd period - Stopped by Barry Brust with a rebound.
9:45 of 2nd period - Wrist shot by Dave Dziurzynski.
9:45 of 2nd period - Stopped by Barry Brust without a rebound.
9:46 of 2nd period - Alexandre Bolduc wins face-off versus Tom Pyatt in Thunder zone.
9:51 of 2nd period - Snap shot by Dave Dziurzynski.
9:51 of 2nd period - Shot Blocked by Tom Pyatt.
10:11 of 2nd period - Alexandre Bolduc is hit by Matt Generous and loses puck.
11:10 of 2nd period - Off-side.
11:11 of 2nd period - Ryan Johansen wins face-off versus Tom Pyatt in neutral zone.
11:38 of 2nd period - Patrik Nemeth is hit by Brandon Mashinter and loses puck.
12:09 of 2nd period - Scott Parse is hit by Colten Teubert and loses puck.
13:43 of 2nd period - Adam Hall is hit by Alexandre Bolduc and loses puck.
14:04 of 2nd period - Pierre-Alexandre Parenteau is hit by Shaun Heska and loses puck.
14:15 of 2nd period - Casey Pierro-Zabotel is hit by Colten Teubert and loses puck.
14:16 of 2nd period - Casey Pierro-Zabotel from Thunder is injured at 14:16 of 2nd period (Sore Left Knee).
14:17 of 2nd period - Ryan Johansen wins face-off versus Tom Pyatt in Thunder zone.
14:18 of 2nd period - Wrist shot by Igor Radulov.
14:18 of 2nd period - Shot Blocked by Brett Festerling.
14:38 of 2nd period - Minor Penalty to Ryan Johansen for Roughing.
14:39 of 2nd period - Tom Pyatt wins face-off versus Igor Radulov in Gangsters zone.
14:46 of 2nd period - Wrist shot by Tom Pyatt.
14:46 of 2nd period - Shot Blocked by Igor Radulov.
14:48 of 2nd period - Wrist shot by Adam Hall.
14:48 of 2nd period - Shot Hit the Post.
14:50 of 2nd period - Slapshot by Matt Generous.
14:50 of 2nd period - Goal by Matt Generous - Thunder : 3 - Gangsters : 2.
14:51 of 2nd period - Ryan Johansen wins face-off versus Tom Pyatt in neutral zone.
16:03 of 2nd period - Snap shot by Mikko Lehtonen.
16:03 of 2nd period - Stopped by Barry Brust without a rebound.
16:04 of 2nd period - Tom Pyatt wins face-off versus Ryan Johansen in Thunder zone.
16:42 of 2nd period - Slapshot by Luke Gazdic.
16:42 of 2nd period - Stopped by Barry Brust without a rebound.
16:43 of 2nd period - Scott Parse wins face-off versus Maxime Sauvé in Thunder zone.
16:58 of 2nd period - Snap shot by Maxime Sauvé.
16:58 of 2nd period - Stopped by Barry Brust without a rebound.
16:59 of 2nd period - Brandon Mashinter wins face-off versus Ryan Johansen in Thunder zone.
17:10 of 2nd period - Snap shot by Ryan Jones.
17:10 of 2nd period - Stopped by Barry Brust with a rebound.
17:29 of 2nd period - Slapshot by Bryan Young.
17:29 of 2nd period - Stopped by Barry Brust with a rebound.
17:32 of 2nd period - Icing by David Fischer.
17:33 of 2nd period - Tom Pyatt wins face-off versus Ryan Johansen in Thunder zone.
17:33 of 2nd period - Adam Hall is hit by Igor Radulov and loses puck.
17:56 of 2nd period - Snap shot by Tom Pyatt.
17:56 of 2nd period - Stopped by Brad Thiessen with a rebound.
18:02 of 2nd period - Wrist shot by Scott Parse.
18:02 of 2nd period - Stopped by Brad Thiessen with a rebound.
18:04 of 2nd period - Snap shot by Scott Parse.
18:04 of 2nd period - Stopped by Brad Thiessen with a rebound.
18:06 of 2nd period - Wrist shot by Scott Parse.
18:06 of 2nd period - Stopped by Brad Thiessen with a rebound.
18:08 of 2nd period - Snap shot by Tom Pyatt.
18:08 of 2nd period - Shot Misses the Net.
18:10 of 2nd period - Slapshot by Matt Generous.
18:10 of 2nd period - Deflect By Ryan Jones.
18:10 of 2nd period - Stopped by Brad Thiessen with a rebound.
18:12 of 2nd period - Slapshot by Matt Generous.
18:12 of 2nd period - Stopped by Brad Thiessen without a rebound.
18:13 of 2nd period - Alexandre Bolduc wins face-off versus Brandon Mashinter in Gangsters zone.
18:38 of 2nd period - Richard Panik is hit by Matt Martin.
19:06 of 2nd period - Kelly Zajac is hit by Matt Delahey and loses puck.
19:19 of 2nd period - Adam Hall is hit by Ryan Johansen and loses puck.
19:58 of 2nd period - Slapshot by Michael Sdao.
19:58 of 2nd period - Stopped by Barry Brust with a rebound.
Goals for this period are 2 for Thunder vs 0 for Gangsters.
Shots for this period are 14 for Thunder vs 14 for Gangsters.
3rd period
0:01 of 3rd period - Ryan Johansen wins face-off versus Tom Pyatt in neutral zone.
0:06 of 3rd period - Scott Parse is hit by Bryan Young and loses puck.
0:34 of 3rd period - Snap shot by Dany Roussin.
0:34 of 3rd period - Deflect By Mikko Lehtonen.
0:34 of 3rd period - Stopped by Brad Thiessen without a rebound.
0:35 of 3rd period - Artem Anisimov wins face-off versus Tom Pyatt in Gangsters zone.
0:49 of 3rd period - Tom Pyatt is hit by Richard Panik and loses puck.
1:10 of 3rd period - Snap shot by Dany Roussin.
1:10 of 3rd period - Stopped by Brad Thiessen with a rebound.
1:30 of 3rd period - Snap shot by Dave Dziurzynski.
1:30 of 3rd period - Stopped by Barry Brust with a rebound.
1:32 of 3rd period - Snap shot by Alexandre Bolduc.
1:32 of 3rd period - Deflect By Dave Dziurzynski.
1:32 of 3rd period - Shot Misses the Net.
1:32 of 3rd period - Puck is out of play.
1:33 of 3rd period - Artem Anisimov wins face-off versus Tom Pyatt in Thunder zone.
1:34 of 3rd period - Slapshot by Matt Delahey.
1:34 of 3rd period - Stopped by Barry Brust without a rebound.
1:35 of 3rd period - Artem Anisimov wins face-off versus Tom Pyatt in Thunder zone.
2:07 of 3rd period - Wrist shot by Igor Radulov.
2:07 of 3rd period - Stopped by Barry Brust with a rebound.
2:09 of 3rd period - Wrist shot by Ryan Johansen.
2:09 of 3rd period - Shot Hit the Post.
2:19 of 3rd period - Slapshot by Maxime Sauvé.
2:19 of 3rd period - Stopped by Barry Brust without a rebound.
2:20 of 3rd period - Maxime Sauvé wins face-off versus Kelly Zajac in Thunder zone.
2:31 of 3rd period - Slapshot by Maxime Sauvé.
2:31 of 3rd period - Stopped by Barry Brust with a rebound.
2:35 of 3rd period - Snap shot by Maxime Sauvé.
2:35 of 3rd period - Stopped by Barry Brust without a rebound.
2:36 of 3rd period - Scott Parse wins face-off versus Ryan Johansen in Thunder zone.
3:32 of 3rd period - Mat Clark is hit by Michael Sdao and loses puck.
5:13 of 3rd period - Slapshot by Patrik Nemeth.
5:13 of 3rd period - Shot Blocked by Pierre-Alexandre Parenteau.
5:15 of 3rd period - Wrist shot by Ryan Jones.
5:15 of 3rd period - Shot Blocked by Dany Roussin.
5:17 of 3rd period - Slapshot by Patrik Nemeth.
5:17 of 3rd period - Stopped by Barry Brust with a rebound.
5:19 of 3rd period - Snap shot by Ryan Jones.
5:19 of 3rd period - Shot Blocked by Joey Ryan.
5:21 of 3rd period - Wrist shot by Igor Radulov.
5:21 of 3rd period - Stopped by Barry Brust without a rebound.
5:22 of 3rd period - Alexandre Bolduc wins face-off versus Scott Parse in Thunder zone.
6:09 of 3rd period - Snap shot by Adam Hall.
6:09 of 3rd period - Shot Blocked by Patrik Nemeth.
6:28 of 3rd period - Artem Anisimov is hit by Matt Martin and loses puck.
6:57 of 3rd period - Snap shot by Artem Anisimov.
6:57 of 3rd period - Deflect By Richard Panik.
6:57 of 3rd period - Stopped by Barry Brust with a rebound.
6:59 of 3rd period - Slapshot by Michael Sdao.
6:59 of 3rd period - Shot Misses the Net.
7:27 of 3rd period - Snap shot by Adam Hall.
7:27 of 3rd period - Shot Blocked by Michael Sdao.
7:29 of 3rd period - Snap shot by Scott Parse.
7:29 of 3rd period - Stopped by Brad Thiessen with a rebound.
8:32 of 3rd period - Bryan Young is hit by Brett Festerling and loses puck.
8:49 of 3rd period - Slapshot by Adam Hall.
8:49 of 3rd period - Stopped by Brad Thiessen with a rebound.
8:58 of 3rd period - Minor Penalty to Brett Festerling for Boarding.
8:59 of 3rd period - Scott Parse wins face-off versus Ryan Johansen in Thunder zone.
10:58 of 3rd period - Penalty to Brett Festerling is over, Brett Festerling is back on ice.
11:07 of 3rd period - Icing by Matt Martin.
11:08 of 3rd period - Kelly Zajac wins face-off versus Artem Anisimov in Thunder zone.
11:08 of 3rd period - Kelly Zajac is hit by Luke Gazdic.
11:20 of 3rd period - Robin Leblanc is hit by Luke Gazdic and loses puck.
11:35 of 3rd period - Pierre-Alexandre Parenteau is hit by Devante Smith-Pelly and loses puck.
12:45 of 3rd period - Pierre-Alexandre Parenteau is hit by Colten Teubert.
13:01 of 3rd period - Dmitri Orlov is hit by Artem Anisimov and loses puck.
13:45 of 3rd period - Dave Dziurzynski is hit by Pierre-Alexandre Parenteau and loses puck.
13:56 of 3rd period - Snap shot by Kelly Zajac.
13:56 of 3rd period - Stopped by Brad Thiessen with a rebound.
15:41 of 3rd period - Minor Penalty to Brandon Mashinter for Holding.
15:42 of 3rd period - Ryan Johansen wins face-off versus Scott Parse in Thunder zone.
15:46 of 3rd period - Wrist shot by Ryan Jones.
15:46 of 3rd period - Goal by Ryan Jones - Thunder : 3 - Gangsters : 3.
15:47 of 3rd period - Igor Radulov wins face-off versus Matt Martin in neutral zone.
16:16 of 3rd period - Wrist shot by Dany Roussin.
16:16 of 3rd period - Stopped by Brad Thiessen with a rebound.
16:21 of 3rd period - Minor Penalty to Pierre-Alexandre Parenteau for Hooking.
16:22 of 3rd period - Scott Parse wins face-off versus Ryan Johansen in Thunder zone.
16:31 of 3rd period - Matt Generous is hit by Ryan Jones and loses puck.
16:54 of 3rd period - Scott Parse is hit by Bryan Young and loses puck.
17:49 of 3rd period - Adam Hall is hit by Bryan Young and loses puck.
18:21 of 3rd period - Penalty to Pierre-Alexandre Parenteau is over, Pierre-Alexandre Parenteau is back on ice.
18:44 of 3rd period - Dmitri Orlov is hit by Patrik Nemeth and loses puck.
18:58 of 3rd period - Patrik Nemeth is hit by Brandon Mashinter and loses puck.
19:20 of 3rd period - Patrik Nemeth is hit by Robin Leblanc.
Goals for this period are 0 for Thunder vs 1 for Gangsters.
Shots for this period are 6 for Thunder vs 10 for Gangsters.
Overtime #1
0:01 of 1st overtime period - Scott Parse wins face-off versus Igor Radulov in neutral zone.
0:03 of 1st overtime period - Off-side.
0:04 of 1st overtime period - Scott Parse wins face-off versus Igor Radulov in neutral zone.
0:07 of 1st overtime period - Slapshot by David Fischer.
0:07 of 1st overtime period - Shot Misses the Net.
0:13 of 1st overtime period - Snap shot by Adam Hall.
0:13 of 1st overtime period - Shot Misses the Net.
0:19 of 1st overtime period - Snap shot by Igor Radulov.
0:19 of 1st overtime period - Deflect By Alexandre Bolduc.
0:19 of 1st overtime period - Shot Blocked by Matt Generous.
0:19 of 1st overtime period - Puck is out of play.
0:20 of 1st overtime period - Scott Parse wins face-off versus Igor Radulov in Thunder zone.
0:27 of 1st overtime period - Igor Radulov is hit by David Fischer and loses puck.
0:31 of 1st overtime period - Icing by Matt Delahey.
0:32 of 1st overtime period - Scott Parse wins face-off versus Igor Radulov in Gangsters zone.
0:33 of 1st overtime period - Snap shot by Adam Hall.
0:33 of 1st overtime period - Deflect By Igor Radulov.
0:33 of 1st overtime period - Stopped by Brad Thiessen without a rebound.
0:34 of 1st overtime period - Scott Parse wins face-off versus Igor Radulov in Gangsters zone.
0:45 of 1st overtime period - Wrist shot by Adam Hall.
0:45 of 1st overtime period - Deflect By Scott Parse.
0:45 of 1st overtime period - Shot Misses the Net.
0:45 of 1st overtime period - Puck is out of play.
0:46 of 1st overtime period - Alexandre Bolduc wins face-off versus Scott Parse in Gangsters zone.
0:55 of 1st overtime period - Slapshot by Alexandre Bolduc.
0:55 of 1st overtime period - Stopped by Barry Brust with a rebound.
1:16 of 1st overtime period - Icing by Matt Generous.
1:17 of 1st overtime period - Igor Radulov wins face-off versus Scott Parse in Thunder zone.
2:42 of 1st overtime period - Brett Festerling is hit by Richard Panik and loses puck.
2:51 of 1st overtime period - Curtis McKenzie is hit by Tom Pyatt.
3:13 of 1st overtime period - Matt Generous is hit by Igor Radulov.
4:13 of 1st overtime period - Patrik Nemeth is hit by Scott Parse and loses puck.
Goals for this period are 0 for Thunder vs 0 for Gangsters.
Shots for this period are 1 for Thunder vs 1 for Gangsters.
ShootOut
5:00 of 1st overtime period - Penalty Shot by Scott Parse for Thunder.
5:00 of 1st overtime period - Deke by Scott Parse.
5:00 of 1st overtime period - Stopped by Brad Thiessen.
5:00 of 1st overtime period - Penalty Shot by Igor Radulov for Gangsters.
5:00 of 1st overtime period - Deke by Igor Radulov.
5:00 of 1st overtime period - Stopped by Barry Brust.
5:00 of 1st overtime period - Penalty Shot by Adam Hall for Thunder.
5:00 of 1st overtime period - Snap shot by Adam Hall.
5:00 of 1st overtime period - Stopped by Brad Thiessen.
5:00 of 1st overtime period - Penalty Shot by Alexandre Bolduc for Gangsters.
5:00 of 1st overtime period - Backhand shot by Alexandre Bolduc.
5:00 of 1st overtime period - Stopped by Barry Brust.
5:00 of 1st overtime period - Penalty Shot by Pierre-Alexandre Parenteau for Thunder.
5:00 of 1st overtime period - Backhand shot by Pierre-Alexandre Parenteau.
5:00 of 1st overtime period - Goal by Pierre-Alexandre Parenteau.
5:00 of 1st overtime period - Penalty Shot by Ryan Jones for Gangsters.
5:00 of 1st overtime period - Backhand shot by Ryan Jones.
5:00 of 1st overtime period - Stopped by Barry Brust.
Output by the SimonT Hockey Simulator (STHS) for François Prévost -- Original Page W3C XHTML 1.0 Valid